 Dungeon Sprint DCSS version 0.31.0-11-ge490571c62 (webtiles) character file.

Game seed: 14178757974410976081

2602 boopmooplesden the Carver (level 9, 0/135 HPs)
             Began as an Armataur Berserker on Feb 1, 2024.
             Was an Elder of Trog.
             Slain by a deep troll (13 damage)
             ... in the Dungeon (Sprint I: "Red Sonja").
             The game lasted 00:01:55 (1751 turns).

boopmooplesden the Carver (Armataur Berserker)      Turns: 1751, Time: 00:01:56

Health: 0/135      AC:  5    Str: 23    XL:     9   Next: 33%
Magic:  9/9        EV: 11    Int:  8    God:    Trog [****..]
Gold:   643        SH:  0    Dex: 13    Spells: 8/8 levels left

rFire   . . .        a - +0 falchion
rCold   . . .        (no shield)
rNeg    . . .        j - +0 leather armour
rPois   .            (no helmet)
rElec   .            (no cloak)
rCorr   .            (no gloves)
SInv    .            (no barding)
Will    .....        (no amulet) Stlth
                     (no ring)
HPRegen 0.42/turn    (no ring)
MPRegen 0.11/turn

%: no teleportation, roll
@: berserking, very quick
A: large, deformed body, tough skin 3, armoured tail, roll 2
a: Renounce Religion, Berserk, Trog's Hand, Brothers in Arms


You were in the Dungeon.
You worshipped Trog.
Trog was greatly pleased with you.
You visited 1 branch You collected 643 gold pieces.

Inventory:

Hand Weapons
 a - a +0 falchion (weapon)
Armour
 b - a +0 animal skin
 j - a +0 leather armour (worn)
Talismans
 h - a beast talisman
Wands
 i - a wand of iceblast (11)
 k - a wand of flame (16)
Scrolls
 l - a scroll of poison {unknown}
Potions
 c - a potion of curing
 d - a potion of heal wounds
 e - a potion of haste
 f - 2 potions of magic
 g - a potion of berserk rage


   Skills:
 + Level 12.1 Fighting
 + Level 13.7 Long Blades
 + Level 7.4 Armour
 + Level 5.8 Dodging
 + Level 1.3 Stealth


You had 8 spell levels left.
You didn't know any spells.
Your spell library was empty.

Dungeon Overview and Level Annotations

Branches:
Dungeon (1/1)

Altars:
Cheibriados
Dithmenos
Elyvilon
Fedhas
Gozag
Hepliaklqana
Kikubaaqudgha
Makhleb
Nemelex Xobeh
Okawaru
Qazlal
Ru
Sif Muna
Trog
Uskayaw
Vehumet
Wu Jian
Xom
Yredelemnul
Zin
The Shining One
Jiyva
Lugonu

Shops:
D (


Innate Abilities, Weirdness & Mutations

Armour fits poorly on your strangely shaped body.
You have extremely tough skin. (AC +3)
You have a long armoured tail.
You regenerate magic and health when rolling toward enemies. (Rampage Regen)


Message History

Okay, then.
You start waiting.
You recover from your berserk rage.
You open the door.
A deep troll comes into view.
Found 54 gold pieces.
A red film seems to cover your vision as you go berserk!
You feel yourself moving faster!
You feel mighty!
The deep troll shouts!
You slash the deep troll!
The deep troll is moderately wounded.
The deep troll bites you! The deep troll claws you. The deep troll claws you!!
You barely miss the deep troll. You tail-slap the deep troll.
The deep troll is moderately wounded.
You hit the deep troll.
The deep troll is heavily wounded.
The deep troll bites you. The deep troll claws you. The deep troll claws you!
You slash the deep troll!
The deep troll is heavily wounded.
You barely miss the deep troll.
Your tail-slap misses the deep troll.
The deep troll is heavily wounded.
The deep troll bites you. The deep troll claws you. x2
You hit the deep troll.
The deep troll is severely wounded.
You closely miss the deep troll. You tail-slap the deep troll!
The deep troll is severely wounded.
You hit the deep troll.
The deep troll is almost dead.
The deep troll barely misses you. The deep troll claws you!
The deep troll misses you.
You hit the deep troll.
The deep troll is almost dead.
You slash the deep troll!
The deep troll is almost dead.
The deep troll bites you!!
* * * LOW HITPOINT WARNING * * *
The deep troll claws you!
* * * LOW HITPOINT WARNING * * *
The deep troll claws you!
You die...

.#..)..#.)'..#__#..+
.)..#..'..#..'..'..#
.#####'#####'#__####
.####..#...#)####).####
.#__####..##§#§~~.§#.§#
.#_____##'#_.'§§§.§'..#
⌠#_.∩...†...§#§§~§§#..#
##_..__##_.#'##§#####'###
#_____###+#)#..@)# #.'.#
####### ####T### ###.#
$$. #.# #### #§# #.# +§#
#§# #.# +.#


You could see a deep troll.

Vanquished Creatures
  2 centaur warriors (D)
  An oklob plant (D)
  A hornet (D)
  Sigmund (D)
  A slime creature (D)
  A yak (D)
  2 redbacks (D)
  An ogre (D)
  A jelly (D)
  Ijyb (D)
12 creatures vanquished.

Notes
Turn   | Place    | Note
-------+----------+-------------------------------------------
     0 | D        | boopmooplesden the Armataur Berserker began the quest for
                  | the Orb.
     0 | D        | Reached XP level 1. HP: 18/18 MP: 1/1
     2 | D        | Noticed Ijyb
     6 | D        | Killed Ijyb
     7 | D        | Reached skill level 4 in Long Blades
     7 | D        | Reached XP level 2. HP: 27/27 MP: 2/2
   156 | D        | Noticed an ogre
   162 | D        | Killed an ogre
   163 | D        | Reached skill level 5 in Fighting
   163 | D        | Reached skill level 6 in Long Blades
   163 | D        | Reached XP level 3. HP: 18/37 MP: 3/3
   163 | D        | Reached XP level 4. HP: 22/44 MP: 4/4
   361 | D        | Noticed Sigmund
   374 | D        | Killed Sigmund
   374 | D        | Reached ** piety under Trog
   375 | D        | Reached skill level 8 in Long Blades
   375 | D        | Reached skill level 5 in Armour
   375 | D        | Reached XP level 5. HP: 24/52 MP: 5/5
   375 | D        | Reached XP level 6. HP: 28/60 MP: 6/6
   712 | D        | Found a burning altar of Makhleb.
   712 | D        | Found a viscous altar of Jiyva.
   712 | D        | Found a shimmering altar of Xom.
   712 | D        | Found a corrupted altar of Lugonu.
   712 | D        | Noticed a slime creature
   718 | D        | Killed a slime creature
   719 | D        | Reached skill level 9 in Long Blades
   770 | D        | Found an ornate altar of the Wu Jian Council.
   770 | D        | Found a shimmering blue altar of Sif Muna.
   772 | D        | Found a radiant altar of Vehumet.
   851 | D        | Found Gaemapn's Antique Weapon Emporium.
   851 | D        | Found an ancient bone altar of Kikubaaqudgha.
   851 | D        | Found a hazy altar of Hepliaklqana.
   851 | D        | Found a stormy altar of Qazlal.
   851 | D        | Found a hide-covered altar of Uskayaw.
   851 | D        | Found a blossoming altar of Fedhas.
   851 | D        | Found a bloodstained altar of Trog.
   851 | D        | Found an iron altar of Okawaru.
   851 | D        | Found a basalt altar of Yredelemnul.
   851 | D        | Found a glowing golden altar of the Shining One.
   851 | D        | Found a snail-covered altar of Cheibriados.
   851 | D        | Found a sacrificial altar of Ru.
   851 | D        | Found a glowing silver altar of Zin.
   851 | D        | Found a shadowy altar of Dithmenos.
   851 | D        | Found a white marble altar of Elyvilon.
   851 | D        | Noticed a yak
   860 | D        | Killed a yak
   861 | D        | Reached skill level 10 in Long Blades
   861 | D        | Gained mutation: You regenerate magic and health when
                  | rolling toward enemies. (Rampage Regen) [Armataur growth]
   861 | D        | Reached XP level 7. HP: 38/70 MP: 7/7
   861 | D        | Found an opulent altar of Gozag.
   862 | D        | Found a sparkling altar of Nemelex Xobeh.
  1070 | D        | Noticed a centaur warrior
  1073 | D        | Noticed a centaur warrior
  1084 | D        | Killed a centaur warrior
  1084 | D        | Reached *** piety under Trog
  1085 | D        | Reached skill level 10 in Fighting
  1085 | D        | Reached skill level 11 in Long Blades
  1085 | D        | Reached XP level 8. HP: 24/80 MP: 8/8
  1091 | D        | HP: 6/120 [centaur warrior (2)]
  1092 | D        | Killed a centaur warrior
  1093 | D        | Reached skill level 12 in Long Blades
  1093 | D        | Reached skill level 5 in Dodging
  1322 | D        | Noticed a hornet
  1327 | D        | Killed a hornet
  1328 | D        | Reached XP level 9. HP: 89/89 MP: 9/9
  1468 | D        | Noticed an oklob plant
  1479 | D        | Killed an oklob plant
  1480 | D        | Reached skill level 13 in Long Blades
  1689 | D        | Reached **** piety under Trog
  1690 | D        | Reached skill level 1 in Stealth
  1740 | D        | Noticed a deep troll
  1751 | D        | Slain by a deep troll

Illustrated notes

Levels and vault maps discovered:
D:        dungeon_sprint_1 [red_sonja_temple_1, red_sonja_temple_small_1]

Skill      XL: |  1  2  3  4  5  6  7  8  9 |
---------------+----------------------------+-----
Fighting       | 4 5 7 9 10 11 12 | 12.1
Long Blades    | 4 6 8 10 11 12 13 | 13.7
Armour         | 3 4 5 6 7 |  7.4
Dodging        | 2 3 4 5 |  5.8
Stealth        | 1 |  1.3

Action                     |  1- 3 |  4- 6 |  7- 9 || total
---------------------------+-------+-------+-------++-------
  Melee: Falchion          |     8 |    26 |    46 ||    80
         Tailslap          |     3 |     6 |    13 ||    22
         Punch             |       |       |     1 ||     1
 Invoke: Berserk           |     2 |     3 |     5 ||    10
    Use: Scroll            |       |       |     1 ||     1
 Armour: Animal skin       |     1 |       |       ||     1
         Leather armour    |     1 |    15 |    60 ||    76
  Dodge: Dodged            |     1 |     2 |    17 ||    20
